 Dungeon Crawl Stone Soup version 0.25-a0-316-gd28d56f (webtiles) character file.

Game seed: 6512718953702953604, levelgen mode: deterministic

1603 AveryBadman the Conjurer (level 8, 0/62 HPs)
             Began as a Demigod Conjurer on Dec 24, 2019.
             Slain by Duvessa
             ... wielding a +0 short sword
              (5 damage)
             ... on level 6 of the Dungeon.
             The game lasted 00:57:50 (5259 turns).

AveryBadman the Conjurer (Demigod Conjurer)         Turns: 5259, Time: 00:57:50

Health: 0/62       AC:  7    Str: 11    XL:     8   Next: 36%
Magic:  0/26       EV: 13    Int: 23    God:
Gold:   387        SH:  0    Dex: 14    Spells: 4/14 levels left

rFire    . . .     SeeInvis .   c - +0 whip (drain)
rCold    . . .     Gourm    .   (no shield)
rNeg     . . .     Faith    .   y - +1 leather armour {rPois}
rPois    +         Spirit   +   d - +0 helmet
rElec    .         Reflect  .   (no cloak)
rCorr    .         Harm     .   l - +0 pair of gloves
MR       .....                  J - +0 pair of boots
Stlth    ++........             g - amulet of guardian spirit
HPRegen  0.20/turn              p - ring of magical power
MPRegen  0.20/turn              (no ring)

@: very slightly contaminated, hasted, very quick
A: clumsy 1, high mp 1, wild magic 2
a: no special abilities


You were on level 6 of the Dungeon.
You were not hungry.

You visited 2 branches of the dungeon, and saw 7 of its levels.
You also visited: Sewer.

You collected 387 gold pieces.

Inventory:

Hand Weapons
 c - a +0 whip of draining (weapon)
Missiles
 f - 8 poisoned darts (quivered)
Armour
 d - a +0 helmet (worn)
 l - a +0 pair of gloves (worn)
 y - a +1 leather armour of poison resistance (worn)
 J - a +0 pair of boots (worn)
Jewellery
 g - an amulet of guardian spirit (around neck)
 p - a ring of magical power (left hand)
Wands
 j - a wand of paralysis (9)
 w - a wand of flame (16)
Scrolls
 e - 7 scrolls of magic mapping {unknown}
 h - 2 scrolls of noise {unknown}
 k - 2 scrolls of remove curse
 m - 2 scrolls of amnesia {unknown}
 n - a scroll of enchant weapon
 o - 4 scrolls of teleportation {unknown}
 u - 2 scrolls of fear {unknown}
 v - 4 scrolls of enchant armour {unknown}
 x - 5 scrolls of identify
 z - a scroll of torment {unknown}
 A - 2 scrolls of immolation {unknown}
 B - 2 scrolls of blinking {unknown}
 F - a scroll of fog
Potions
 a - a potion of haste
 b - a potion of lignification
 i - 3 potions of heal wounds {unknown}
 q - 2 potions of cancellation {unknown}
 r - a potion of might {unknown}
 t - 2 potions of mutation
 D - 2 potions of brilliance {unknown}
 E - 3 potions of magic {unknown}
 G - 2 potions of curing
 H - a potion of agility
Comestibles
 s - 9 rations


   Skills:
 + Level 2.5 Fighting
   Level 1.2 Short Blades
 + Level 1.7 Maces & Flails
 + Level 4.3 Throwing
 + Level 3.1 Armour
 + Level 3.8 Dodging
 + Level 3.2 Stealth
 + Level 3.9 Spellcasting
 + Level 5.5 Conjurations
 + Level 0.5 Evocations


You had 4 spell levels left.
You knew the following spells:

 Your Spells              Type           Power        Failure   Level  Hunger
a - Magic Dart            Conj           ####         4%          1    None
b - Searing Ray           Conj           #####.       6%          2    #......
c - Apportation           Tloc           #.....       28%         1    None
d - Conjure Flame         Conj/Fire      ####....     26%         3    ###....
e - Mephitic Cloud        Conj/Pois/Air  ###.....     34%         3    ###....

Your spell library contained the following spells:

 Spells                   Type           Power        Failure   Level  Hunger
 Dazzling Flash           Conj/Hex       ####..       26%         3    ###....
 Animate Skeleton         Necr           N/A          28%         1    None
 Confusing Touch          Hex            #.....       28%         1    None
 Summon Small Mammal      Summ           #...         28%         1    None
 Blink                    Tloc           N/A          36%         2    #......
 Call Imp                 Summ           #.......     36%         2    #......
 Slow                     Hex            #.......     36%         2    #......
 Call Canine Familiar     Summ           #.......     56%         3    ###....
 Summon Guardian Golem    Hex/Summ       #.......     56%         3    ###....
 Fulminant Prism          Conj/Hex       ####......   58%         4    ####...
 Iskenderun's Mystic Bla  Conj/Tloc      ####....     58%         4    ####...
 Summon Lightning Spire   Summ/Air       #.......     89%         4    ####...
 Summon Ice Beast         Ice/Summ       #.......     90%         4    ####...


Dungeon Overview and Level Annotations

Branches:
Dungeon (6/15)             Temple (1/1) D:6           Sewer (visited)

Shops:
D:6 (

Annotations:
D:6 Duvessa


Innate Abilities, Weirdness & Mutations

You have an increased reservoir of magic. (+10% MP)
You are clumsy. (Dex -2)
Your spells are harder to cast, but more powerful.


Message History

Press: ? - help, Shift-Dir - straight line, f - you The searing ray hits something. (Press . to maintain the ray.)
Something hits you! Something hits you. Something hits you!
The searing ray hits something!
Something hits you but does no damage.
The searing ray hits something!
You finish channeling your searing ray.
Something hits you! Something hits you.
Aiming: Paralyse
Press: ? - help, Shift-Dir - straight line Nothing appears to happen.
Something hits you.
You miss something. Something hits you. x2
Aiming: Paralyse
Press: ? - help, Shift-Dir - straight line Nothing appears to happen.
Something hits you!
* * * LOW HITPOINT WARNING * * *
You feel yourself speed up. Something hits you!
* * * LOW HITPOINT WARNING * * *
Something hits you.
You die...

....##.#.#.#.#
#........#.....(##
.......#...#.#
#........#......##
......######.#
######...#......##
.............########...#......#
................)..##...#......#
...................##...#......#
.................(.# #......##
######...........(.# ######...
...# #..........@..# #......
...# #..........{..# #......
...###.†...........##... #....#.
...##.................). #....#.
......_................. #....#.
........................ #....#.
........##########...... #....#.
.......## ...... #....##
.......# ...... #....#


There were no monsters in sight!

Vanquished Creatures
  A water moccasin (D:6)
  An ice beast (D:6)
  A phantom (D:2)
  A necrophage (D:6)
  A centaur (D:6)
  4 bullfrogs
  A water moccasin zombie (D:6)
  A scorpion (D:4)
  Dowan (D:6)
  4 hounds
  A centaur skeleton (D:6)
  2 iguanas
  8 worker ants
  A hound zombie (D:5)
  4 gnolls (D:2)
  12 adders
  4 river rats (Sewer)
  2 shadow imps
  An ooze (Sewer)
  A dart slug (D:2)
  A worm (D:2)
  8 leopard geckos
  7 orcs
  9 ball pythons
  8 giant cockroaches
  11 goblins
  15 hobgoblins
  4 jackals (D:1)
  2 quokkas
  6 bats
  14 frilled lizards
  A giant cockroach zombie (D:5)
  7 kobolds
  33 rats
178 creatures vanquished.

Notes
Turn   | Place    | Note
-------+----------+-------------------------------------------
     0 | D:1      | AveryBadman the Demigod Conjurer began the quest for the
                  | Orb.
     0 | D:1      | Reached XP level 1. HP: 14/14 MP: 5/5
   334 | D:1      | Reached skill level 4 in Conjurations
   334 | D:1      | Reached XP level 2. HP: 17/20 MP: 5/7
   695 | D:1      | Learned a level 2 spell: Searing Ray
  1322 | D:2      | Reached XP level 3. HP: 26/26 MP: 5/8
  1552 | D:2      | Noticed a phantom
  1567 | D:2      | Killed a phantom
  1567 | D:2      | Reached skill level 1 in Short Blades
  1567 | D:2      | Reached skill level 1 in Throwing
  1567 | D:2      | Reached XP level 4. HP: 27/33 MP: 6/10
  1609 | D:2      | Gained mutation: You are clumsy. (Dex -2) [potion of
                  | mutation]
  1609 | D:2      | Gained mutation: Your spells are a little harder to cast,
                  | but a little more powerful. [potion of mutation]
  1609 | D:2      | Gained mutation: Your spells are harder to cast, but more
                  | powerful. [potion of mutation]
  1746 | D:2      | Found an opulent altar of Gozag.
  1796 | D:2      | Reached XP level 5. HP: 38/38 MP: 11/11
  2028 | D:3      | Learned a level 1 spell: Apportation
  2414 | D:3      | Found a glowing golden altar of the Shining One.
  2584 | D:3      | Found an iron altar of Okawaru.
  2584 | D:3      | Found a bloodstained altar of Trog.
  2692 | D:4      | Learned a level 3 spell: Conjure Flame
  2714 | D:4      | Reached XP level 6. HP: 45/45 MP: 10/12
  3187 | D:5      | Entered Level 5 of the Dungeon
  3189 | D:5      | Found a shadowy altar of Dithmenos.
  3229 | D:5      | Reached skill level 1 in Armour
  3232 | D:5      | Found an ornate altar of the Wu Jian Council.
  3291 | D:5      | Reached skill level 1 in Fighting
  3445 | D:5      | Found a glowing drain.
  3455 | Sewer    | Entered a sewer
  3526 | Sewer    | Reached XP level 7. HP: 52/52 MP: 14/14
  3589 | Sewer    | Reached skill level 1 in Maces & Flails
  3786 | Sewer    | Reached skill level 5 in Conjurations
  4477 | D:5      | Found a blossoming altar of Fedhas.
  4547 | D:6      | Found Gurie's Antique Weapon Boutique.
  4556 | D:6      | Noticed a -1 hand axe
  4559 | D:6      | Noticed a +0 hand axe
  4560 | D:6      | Found a hide-covered altar of Uskayaw.
  4622 | D:6      | Reached XP level 8. HP: 56/61 MP: 10/16
  4904 | D:6      | Found a staircase to the Ecumenical Temple.
  4928 | Temple   | Entered the Ecumenical Temple
  5189 | D:6      | Found a snail-covered altar of Cheibriados.
  5199 | D:6      | Learned a level 3 spell: Mephitic Cloud
  5234 | D:6      | Noticed Dowan
  5237 | D:6      | Noticed Duvessa
  5247 | D:6      | Killed Dowan
  5259 | D:6      | Slain by Duvessa

Levels and vault maps discovered:
D:1:      dpeg_arrival_arbitrary_c, layout_basic, st_stairs_11,
          kennysheep_small_spiral, hangedman_decor_riveting, minmay_heptomino_h4
D:2:      layout_rooms, nicolae_gozag_cash_rules_everything_around_me,
          minmay_goblin_outpost
D:3:      layout_basic, gammafunk_temple_overflow_elements, marbit_many_paths,
          first_ration
D:4:      layout_basic, chequers_arboretum
D:5:      layout_rooms, grunt_dithmenos_smoke_and_mirrors, lemuel_round_altar,
          overflow_temple_1_default, gup_sewer_entry_pipe
D:6:      layout_basic, dancing_weapons_uskayaw, minmay_temple_entry_offerings,
          serial_shops, nicolae_shop_statue_plus, cheibriados_altar_1,
          uniq_duvessa
Temple:   cyrus_temple_forest

Skill      XL: |  1  2  3  4  5  6  7  8 |
---------------+-------------------------+-----
Conjurations   | 4 5 |  5.5
Dodging        | 2 3 |  3.8
Spellcasting   | 2 3 |  3.9
Stealth        | 2 3 |  3.2
Short Blades   | 1 |  1.2
Throwing       | 1 2 3 4 |  4.3
Armour         | 1 2 3 |  3.1
Fighting       | 1 2 |  2.5
Maces & Flails | 1 |  1.7
Evocations     | |  0.5

Action                   |  1- 3 |  4- 6 |  7- 9 || total
-------------------------+-------+-------+-------++-------
Melee: Dagger            |    49 |     3 |       ||    52
       Whip              |       |    59 |    43 ||   102
Throw: Dart              |    37 |    95 |    21 ||   153
 Cast: Magic Dart        |    44 |    55 |    59 ||   158
       Searing Ray       |     6 |    17 |    13 ||    36
       Conjure Flame     |       |     2 |       ||     2
       Mephitic Cloud    |       |       |     1 ||     1
Evoke: Wand              |       |       |     5 ||     5
  Use: Scroll            |     4 |     2 |     1 ||     7
       Potion            |       |     5 |     3 ||     8
 Stab: Sleeping          |     1 |     2 |       ||     3
  Eat: Ration            |     1 |       |     1 ||     2
       Chunk             |       |     7 |     2 ||     9
Armor: Robe              |    18 |     1 |       ||    19
       Leather armour    |       |    15 |    37 ||    52
       Skin              |       |       |     1 ||     1
Dodge: Dodged            |    62 |    47 |    89 ||   198

Table legend:
 A = Non-vault XP
 B = Vault XP
 C = Vault XP percentage of total XP
 D = Non-vault monster count
 E = Vault monster count
 F = Vault count percentage of total count
                 A         B        C        D         E       F
            +---------+---------+-------+---------+---------+-------
      Total |    1834 |     457 |  19.9 |     110 |      68 |  38.2
            +---------+---------+-------+---------+---------+-------
        D:1 |      34 |      10 |  22.7 |      21 |       5 |  19.2
        D:2 |     215 |      12 |   5.3 |      24 |       6 |  20.0
        D:3 |      73 |       3 |   3.9 |      24 |       1 |   4.0
        D:4 |     285 |       0 |   0.0 |      14 |       0 |   0.0
        D:5 |     222 |      16 |   6.7 |      10 |       7 |  41.2
        D:6 |    1005 |      69 |   6.4 |      17 |       1 |   5.6
      Sewer |       0 |     347 | 100.0 |       0 |      48 | 100.0
            +---------+---------+-------+---------+---------+-------
